 Dungeon Crawl Stone Soup version 0.20.1-1-g8b1a95d66d (webtiles) character file.

92 Alannah the Charmwright (level 4, -5/33 HPs)
             Began as a Merfolk Skald on Dec 22, 2017.
             Slain by Libelnon's ghost (9 damage)
             ... on level 3 of the Dungeon.
             The game lasted 00:10:27 (2518 turns).

Alannah the Charmwright (Merfolk Skald)             Turns: 2518, Time: 00:10:28

Health: -5/33      AC:  3    Str: 11    XL:     4   Next: 60%
Magic:  0/8        EV: 12    Int: 13    God:
Gold:   159        SH:  0    Dex: 13    Spells: 2/8 levels left

rFire    . . .     SeeInvis .   a - +0 spear
rCold    . . .     Gourm    .   (no shield)
rNeg     . . .     Faith    .   b - +0 leather armour
rPois    .         Spirit   +   (no helmet)
rElec    .         Reflect  .   n - scarf {Spirit}
rCorr    .         Harm     .   (no gloves)
MR       .....                  (no boots)
Stlth    ++........             (no amulet)
Regen    0.2/turn               l - ring of stealth
MPRegen  0.2/turn               (no ring)

@: infused (expiring)
A: change form in water, swift swim, stealthy swim
a: no special abilities


You were on level 3 of the Dungeon.
You were not hungry.

You visited 1 branch of the dungeon, and saw 3 of its levels.

You collected 159 gold pieces.

Inventory:

Hand Weapons
 a - a +0 spear (weapon)
Armour
 b - a +0 leather armour (worn)
 n - a scarf of spirit shield (worn)
Jewellery
 l - a ring of stealth (left hand)
Scrolls
 g - a scroll of noise {unknown}
 h - 4 scrolls of identify {unknown}
 i - a scroll of remove curse {unknown}
Potions
 e - 3 potions of flight {unknown}
 f - a potion of curing {unknown}
 j - a potion of ambrosia {unknown}
 k - a potion of agility {unknown}
Books
 c - a book of Battle

   Spells                             Type                      Level
   a - Infusion                       Charms                       1
   b - Shroud of Golubria             Charms/Translocation         2
   c - Song of Slaying                Charms                       2
   d - Spectral Weapon                Hexes/Charms                 3
   e - Regeneration                   Charms/Necromancy            3
Comestibles
 d - 3 bread rations


   Skills:
 - Level 2.1 Fighting
 - Level 3.0 Polearms
 - Level 0.6 Armour
 - Level 2.6 Dodging
 * Level 2.8 Spellcasting
 + Level 0.8 Hexes
 - Level 5.0 Charms


You had 2 spell levels left.
You knew the following spells:

 Your Spells              Type           Power        Failure   Level  Hunger
a - Infusion              Chrm           ##..         4%          1    #......
b - Shroud of Golubria    Chrm/Tloc      #.........   17%         2    ###....
c - Spectral Weapon       Hex/Chrm       #.......     28%         3    ###....


Dungeon Overview and Level Annotations

Branches:
Dungeon (3/15)

Altars:
Xom
The Shining One

Annotations:
D:3 Libelnon's ghost, weakling DgWz


Message History

Libelnon's ghost hits you.
A frilled lizard comes into view.
You hit Libelnon's ghost.
Libelnon's ghost is moderately damaged.
Libelnon's ghost hits you!
* * * LOW HITPOINT WARNING * * *
You closely miss Libelnon's ghost.
Libelnon's ghost is moderately damaged.
Libelnon's ghost closely misses you.
You miss Libelnon's ghost.
Libelnon's ghost is moderately damaged.
You hit Libelnon's ghost.
Libelnon's ghost is heavily damaged.
Libelnon's ghost hits you.
* * * LOW HITPOINT WARNING * * *
You hit Libelnon's ghost.
Libelnon's ghost is heavily damaged.
Your magical infusion is running out.
Libelnon's ghost hits you!
You die...

#. # ###. ..#... ...%..#####
..........# ..........#
...K....K.#
........l.############
.........SW@.........#
..........##########รท#######
...(.....## ##.)........#
..#.....## ##...<........ #
##.#### #............. #.
#.......[..... #.
#............. #######.......
##>## #.......


You could see Libelnon's ghost, an adder, a kobold and a frilled lizard.

Vanquished Creatures
  4 adders
  An ooze (D:2)
  A worm (D:2)
  3 dart slugs
  A leopard gecko (D:2)
  7 bats
  2 giant cockroaches (D:1)
  6 goblins
  5 hobgoblins
  A quokka (D:2)
  A ball python (D:3)
  3 frilled lizards
  5 kobolds
  7 rats
47 creatures vanquished.

Notes
Turn   | Place    | Note
-------+----------+-------------------------------------------
     0 | D:1      | Alannah the Merfolk Skald began the quest for the Orb.
     0 | D:1      | Reached XP level 1. HP: 16/16 MP: 3/3
   256 | D:1      | Reached XP level 2. HP: 17/22 MP: 5/5
   331 | D:1      | Reached skill level 4 in Charms
   755 | D:2      | Reached XP level 3. HP: 23/27 MP: 6/6
   904 | D:2      | Found a shimmering altar of Xom.
  1203 | D:2      | Found a glowing golden altar of the Shining One.
  1484 | D:2      | Reached skill level 5 in Charms
  1499 | D:2      | Learned a level 2 spell: Shroud of Golubria
  1503 | D:2      | Learned a level 3 spell: Spectral Weapon
  1613 | D:2      | Reached XP level 4. HP: 26/33 MP: 5/7
  2503 | D:3      | Noticed Libelnon's ghost (weakling DgWz)
  2518 | D:3      | Slain by Libelnon's ghost

Skill      XL: |  1  2  3 |
---------------+----------+-----
Charms         | 4 5 |  5.0
Fighting       | |  2.1
Polearms       | |  3.0
Armour         | |  0.6
Dodging        | |  2.6
Spellcasting   | |  2.8
Hexes          | |  0.8

Action                   |  1- 3 |  4- 6 || total
-------------------------+-------+-------++-------
Melee: Spear             |   149 |    64 ||   213
 Cast: Infusion          |     1 |     1 ||     2
 Stab: Sleeping          |     3 |     1 ||     4
       Distracted        |       |     1 ||     1
  Eat: Chunk             |     2 |     3 ||     5
Armor: Leather armour    |    22 |     9 ||    31
Dodge: Dodged            |    60 |    35 ||    95
